 Dungeon Crawl Stone Soup version 0.23.2 (webtiles) character file.

Game seed: 11506399174615922577

12229 Borgoz the Slicer (level 12, -2/75 HPs)
             Began as a Kobold Gladiator on Apr 9, 2019.
             Was a Believer of Ashenzari.
             Slain by a minotaur
             ... wielding the +10 scimitar "Atzuekynn" {freeze, Str+5}
              (3 damage)
             ... in a Gauntlet.
             The game lasted 00:32:45 (14058 turns).

Borgoz the Slicer (Kobold Gladiator)               Turns: 14058, Time: 00:32:46

Health: -2/75      AC: 13    Str: 16 (19) XL:     12   Next: 17%
Magic:  15/15      EV: 22    Int:  9 (10) God:    Ashenzari [**....]
Gold:   686        SH:  8    Dex: 15 (17) Spells: 7/11 levels left

rFire    + . .     SeeInvis .   D - +7 quick blade (curse)
rCold    . . .     Gourm    .   T - +2 buckler {AC+3} (curse)
rNeg     . . .     Faith    .   A - +1 troll leather armour
rPois    .         Spirit   .   c - +1 helmet
rElec    +         Reflect  .   (no cloak)
rCorr    .         Harm     .   S - +1 pair of gloves
MR       .....     NoTele   +   (no boots)
Stlth    ++++......             (no amulet)
HPRegen  0.62/turn              E - +4 ring of strength
MPRegen  0.14/turn              p - ring of Bywnei {*Contam rElec rF+ Stlth+}

@: no status effects
A: small, carnivore
a: Curse Item, Scrying, Renounce Religion


You were in a Gauntlet.
You worshipped Ashenzari.
Ashenzari was pleased with you.
You were very full.

You visited 3 branches of the dungeon, and saw 13 of its levels.
You also visited: Ossuary and Gauntlet.

You collected 686 gold pieces.

Inventory:

Hand Weapons
 a - a +0 rapier
 b - a +2 dagger of draining
 k - a +0 rapier
 n - the +4 mace "Ymixt" {drain, rElec Int+3}
   (You found it on level 5 of the Dungeon)

   A truly terrible weapon, it drains the life of those it strikes.
   It affects your intelligence (+3).
   It insulates you from electricity.
 t - the +2 flail "Anan" {pain, *Slow rElec MR+ Dex+2}
   (You found it on level 4 of the Dungeon)

   In the hands of one skilled in necromantic magic, it inflicts extra damage on
   living creatures.
   It affects your dexterity (+2).
   It insulates you from electricity.
   It affects your resistance to hostile enchantments.
   It may slow you when you take damage.
 v - the +3 battleaxe of the Jester {flame, Dex+4}
   (You found it on level 10 of the Dungeon)

   It has been specially enchanted to burn those struck by it, causing extra
   injury to most foes and up to half again as much damage against particularly
   susceptible opponents.
   Big, fiery blades are also staple armaments of hydra-hunters.
   It affects your dexterity (+4).
 D - a cursed +7 quick blade (weapon)
 K - a +2 dagger of speed
Missiles
 i - 73 bolts
 F - 10 tomahawks (quivered)
Armour
 c - a +1 helmet (worn)
 w - the +1 chain mail of the Carpenter {rCorr Str+4 Int-3}
   (You found it on level 6 of the Dungeon)

   It affects your strength (+4).
   It affects your intelligence (-3).
   It provides partial protection from all sources of acid and corrosion.
 x - a +2 ring mail of fire resistance
 A - a +1 troll leather armour (worn)
 B - the cursed +0 robe "Touck" {+Inv rC- Str+4 Stlth+}
   (You found it in a Gauntlet)

   It affects your strength (+4).
   It makes you vulnerable to cold.
   It lets you turn invisible.
   It makes you more stealthy.
   It has a curse placed upon it.
 S - a +1 pair of gloves (worn)
 T - a cursed +2 buckler of protection (worn)
Jewellery
 m - an uncursed ring of see invisible
 p - the ring of Bywnei (right hand) {*Contam rElec rF+ Stlth+}
   (You found it in a Gauntlet)

   [ring of stealth]

   It protects you from fire.
   It insulates you from electricity.
   It causes magical contamination when unequipped.
   It makes you more stealthy.
 E - a +4 ring of strength (left hand)
 G - an uncursed ring of ice
 J - an uncursed ring of positive energy
 M - an uncursed ring of resist corrosion
 N - an uncursed amulet of magic regeneration
 O - an uncursed amulet of harm
 Q - the cursed amulet "Riagh" {Faith rF- Int+4}
   (You acquired it on level 10 of the Dungeon)

   [amulet of faith]

   It allows you to gain divine favour quickly.
   It affects your intelligence (+4).
   It makes you vulnerable to fire.
   It has a curse placed upon it.
Wands
 y - a wand of polymorph (15)
 H - a wand of random effects (7)
Scrolls
 d - 3 scrolls of amnesia
 e - 4 scrolls of remove curse
 g - 2 scrolls of teleportation
 h - a scroll of silence
 q - a scroll of blinking
 s - 3 scrolls of fog
 u - 2 scrolls of fear
 C - 2 scrolls of magic mapping
Potions
 l - a potion of resistance
 o - 3 potions of flight
 r - a potion of lignification
 I - a potion of brilliance
 L - 2 potions of mutation
 P - a potion of magic
Comestibles
 f - 19 rations


   Skills:
 + Level 8.5 Fighting
 + Level 12.2(14.2) Short Blades
 - Level 2.1 Throwing
 * Level 6.6 Armour
 + Level 11.2 Dodging
 - Level 5.5 Stealth
 + Level 1.9(3.0) Shields
 + Level 4.7 Hexes
 - Level 5.0 Evocations


You had 7 spell levels left.
You knew the following spells:

 Your Spells              Type           Power        Failure   Level  Hunger
a - Confusing Touch       Hex            #.....       9%          1    ##.....
b - Mephitic Cloud        Conj/Pois/Air  #.......     88%         3    ####...

Your spell library contained the following spells:

 Spells                   Type           Power        Failure   Level  Hunger
 Animate Skeleton         Necr           N/A          52%         1    ##.....
 Apportation              Tloc           #.....       52%         1    ##.....
 Shock                    Conj/Air       #...         52%         1    ##.....
 Summon Small Mammal      Summ           #...         52%         1    ##.....
 Cause Fear               Hex            #.........   65%         4    #####..
 Poisonous Vapours        Pois/Air       #.....       67%         2    ###....
 Swiftness                Chrm/Air       #.......     67%         2    ###....
 Conjure Flame            Conj/Fire      #.......     88%         3    ####...
 Static Discharge         Conj/Air       #.......     88%         3    ####...
 Airstrike                Air            #.........   99%         4    #####..
 Lightning Bolt           Conj/Air       #.........   100%        5    ######.
 Silence                  Hex/Air        #.........   100%        5    ######.
 Yara's Violent Unravell  Hex/Tmut       #.........   100%        5    ######.
 Deflect Missiles         Chrm/Air       #.........   100%        6    #######
 Freezing Cloud           Conj/Ice/Air   #.........   100%        6    #######
 Ring of Flames           Chrm/Fire      #.........   100%        7    #######
 Discord                  Hex            #.........   100%        8    #######


Dungeon Overview and Level Annotations

Branches:
Dungeon (11/15)            Temple (1/1) D:4            Lair (0/6) D:8
    Orc (1/2) D:10

Altars:
Ashenzari
Cheibriados
Dithmenos
Elyvilon
Fedhas
Gozag
Hepliaklqana
Kikubaaqudgha
Makhleb
Nemelex Xobeh
Okawaru
Qazlal
Ru
Sif Muna
Trog
Uskayaw
Vehumet
Wu Jian
Xom
Yredelemnul
Zin
The Shining One
Beogh

Shops:
Orc:1 [

Annotations:
Gauntlet 10 transporters


Innate Abilities, Weirdness & Mutations

You are small and have problems with some larger weapons.
You are carnivorous and can eat meat at any time.


Message History

The minotaur freezes you.
* * * LOW HITPOINT WARNING * * *
You block the minotaur's attack.
You feel better.
The minotaur hits you with the +10 scimitar "Atzuekynn" {freeze, Str+5}.
* * * LOW HITPOINT WARNING * * *
The minotaur freezes you.
* * * LOW HITPOINT WARNING * * *
You block the minotaur's attack.
You feel better.
You feel better.
The minotaur seems less confused.
The minotaur barely misses you. The minotaur gores you.
You hit the minotaur but do no damage.
The minotaur is severely wounded.
You hit the minotaur but do no damage.
The minotaur is severely wounded.
The minotaur hits you with the +10 scimitar "Atzuekynn" {freeze, Str+5}!!
* * * LOW HITPOINT WARNING * * *
The minotaur freezes you.
You die...

.#..#≈8≈#
.#..#...#####
.####.8.##...#
.#©.....##.#.#
.####.8....#.#
.#..#...##.#.# ,
##..#.8.##...###+###
...≈#...##.#.##.H..#
...∩#.8....#.'..@.⌠+,
...≈#...##.#.##∩...#**
##..#.8.##...##..⌠.#
.#..#...##.#.####+##
.####.8....#.# ,*
.#©.....##.#.#
.####.8.##...#
.#..#...######
.#..#≈8≈#


You could see a minotaur.

Vanquished Creatures
  2 two-headed ogres
  Urug (D:10)
  A swamp dragon (shapeshifter) (Gauntlet)
  Pikel (D:4)
  2 komodo dragons
  4 trolls
  3 meliai (Gauntlet)
  4 hippogriffs
  Sigmund (D:3)
  3 flying skulls (Gauntlet)
  A wraith (D:9)
  A wyvern (D:8)
  A hungry ghost (D:11)
  Edmund (D:4)
  A warg (Orc:1)
  A soldier ant (D:10)
  Duvessa (D:6)
  4 slaves (D:4)
  6 orc warriors
  A sky beast (D:7)
  4 ogres
  5 centaurs
  A big kobold (D:8)
  5 bullfrogs
  4 scorpions
  Dowan (D:6)
  11 killer bees
  8 wights
  5 howler monkeys
  A centaur zombie (D:6)
  2 bullfrog zombies
  7 orc priests
  4 jellies
  3 crimson imps
  2 hounds
  3 bullfrog skeletons
  4 centaur skeletons
  4 iguanas
  14 orc wizards
  10 worker ants
  A killer bee zombie (D:5)
  3 hound zombies
  A hound skeleton (D:8)
  14 mummies
  A gnoll (D:1)
  A howler monkey skeleton (D:9)
  17 adders
  A shadow imp (D:5)
  3 oozes
  An adder zombie (D:9)
  2 adder skeletons
  4 worms
  A dart slug (D:2)
  3 leopard geckos
  61 orcs
  A ball python (D:4)
  6 giant cockroaches
  9 hobgoblins
  10 jackals
  17 kobolds
  7 quokkas
  11 bats
  3 frilled lizards
  2 gnoll skeletons (Ossuary)
  11 goblins
  2 goblin skeletons (Ossuary)
  A jackal skeleton (D:4)
  A kobold skeleton (Ossuary)
  A leopard gecko skeleton (D:5)
  A leopard gecko zombie (D:8)
  3 orc skeletons (Ossuary)
  11 rats
  11 rat skeletons (Ossuary)
360 creatures vanquished.

Vanquished Creatures (others)
  5 plants
5 creatures vanquished.

Grand Total: 365 creatures vanquished

Notes
Turn   | Place    | Note
-------+----------+-------------------------------------------
     0 | D:1      | Borgoz the Kobold Gladiator began the quest for the Orb.
     0 | D:1      | Reached XP level 1. HP: 12/12 MP: 1/1
   397 | D:1      | Reached XP level 2. HP: 17/17 MP: 2/2
   773 | D:1      | Reached skill level 1 in Stealth
   773 | D:1      | Reached XP level 3. HP: 16/22 MP: 3/3
   919 | D:1      | HP: 1/33 [bat (1)]
  1497 | D:1      | Reached XP level 4. HP: 23/27 MP: 4/4
  2113 | D:2      | Reached skill level 5 in Short Blades
  2201 | D:2      | Reached skill level 1 in Armour
  2201 | D:2      | Reached XP level 5. HP: 25/32 MP: 5/5
  2921 | D:3      | Noticed Sigmund
  2932 | D:3      | Killed Sigmund
  2932 | D:3      | Reached skill level 6 in Short Blades
  2932 | D:3      | Reached skill level 5 in Dodging
  2932 | D:3      | Reached XP level 6. HP: 24/37 MP: 6/6
  2997 | D:3      | Reached XP level 7. HP: 16/41 MP: 7/7
  4051 | D:4      | Noticed Edmund
  4069 | D:4      | Killed Edmund
  4069 | D:4      | Reached skill level 7 in Short Blades
  4117 | D:4      | Reached XP level 8. HP: 43/48 MP: 8/8
  4332 | D:4      | Got a dazzling flail
  4333 | D:4      | Identified the cursed +2 flail "Anan" {pain, *Slow rElec
                  | MR+ Dex+2} (You found it on level 4 of the Dungeon)
  4403 | D:4      | Found a staircase to the Ecumenical Temple.
  4428 | D:4      | Noticed Pikel
  4456 | D:4      | Killed Pikel
  4456 | D:4      | Reached skill level 8 in Short Blades
  4456 | D:4      | Reached skill level 5 in Stealth
  4699 | D:4      | Reached XP level 9. HP: 53/53 MP: 9/9
  4746 | Temple   | Entered the Ecumenical Temple
  5220 | D:5      | Entered Level 5 of the Dungeon
  5233 | D:5      | Got a scorched mace
  5385 | D:5      | Reached skill level 5 in Fighting
  5706 | D:6      | Reached skill level 1 in Evocations
  5733 | D:6      | Noticed Dowan
  5733 | D:6      | Found a sand-covered staircase.
  5743 | D:6      | Reached skill level 9 in Short Blades
  5749 | D:6      | Identified the +4 mace "Ymixt" {drain, rElec Int+3} (You
                  | found it on level 5 of the Dungeon)
  5752 | Ossuary  | Entered an ossuary
  6206 | D:6      | Noticed Duvessa
  6217 | D:6      | Killed Dowan
  6255 | D:6      | Killed Duvessa
  7207 | D:6      | Got a translucent chain mail
  7256 | D:7      | Learned a level 1 spell: Confusing Touch
  7328 | D:7      | Noticed a hippogriff
  7338 | D:7      | Killed a hippogriff
  7338 | D:7      | Reached skill level 10 in Short Blades
  7338 | D:7      | Reached XP level 10. HP: 40/60 MP: 12/12
  7630 | D:7      | Reached skill level 1 in Hexes
  8308 | D:7      | Found a basalt altar of Yredelemnul.
  8308 | D:7      | Found a shattered altar of Ashenzari.
  8354 | D:7      | Became a worshipper of Ashenzari the Shackled
  8402 | D:7      | Identified the +1 chain mail of the Carpenter {rCorr Str+4
                  | Int-3} (You found it on level 6 of the Dungeon)
  8634 | D:8      | Found a staircase to the Lair.
  8635 | D:8      | Noticed a komodo dragon
 10071 | D:8      | Killed a komodo dragon
 10071 | D:8      | Reached skill level 11 in Short Blades
 10071 | D:8      | Reached skill level 10 in Dodging
 10834 | D:9      | Found a glowing silver altar of Zin.
 10934 | D:9      | Reached XP level 11. HP: 51/66 MP: 14/14
 11267 | D:10     | Entered Level 10 of the Dungeon
 11291 | D:10     | Noticed a two-headed ogre
 11292 | D:10     | Noticed Urug
 11310 | D:9      | Killed a two-headed ogre
 11310 | D:9      | Reached skill level 5 in Evocations
 11369 | D:9      | Reached skill level 5 in Armour
 11584 | D:10     | Reached * piety under Ashenzari
 11633 | D:10     | Got the battleaxe of the Jester {flame, Dex+4}
 11955 | D:10     | Killed Urug
 12294 | D:10     | Noticed an orc knight
 12325 | D:10     | Identified 3 scrolls of acquirement
 12334 | D:10     | Identified the +3 battleaxe of the Jester {flame, Dex+4}
                  | (You found it on level 10 of the Dungeon)
 12337 | D:10     | Identified the cursed amulet "Riagh" {Faith rF- Int+4} (You
                  | acquired it on level 10 of the Dungeon)
 12499 | D:10     | Found a roughly hewn altar of Beogh.
 12499 | D:10     | Found a staircase to the Orcish Mines.
 12533 | Orc:1    | Entered Level 1 of the Orcish Mines
 12547 | Orc:1    | Found Yssohoy's Antique Armour Boutique.
 12573 | Orc:1    | Noticed an orc high priest
 12576 | Orc:1    | Noticed a soul eater
 12806 | D:11     | Noticed a two-headed ogre
 12823 | D:11     | Killed a two-headed ogre
 12862 | D:11     | Reached skill level 1 in Shields
 12949 | D:11     | Reached skill level 12 in Short Blades
 12986 | D:11     | Found a gate leading to a gauntlet.
 13106 | Gauntlet | Entered a Gauntlet
 13106 | Gauntlet | Found a transporter.
 13106 | Gauntlet | Found a transporter.
 13106 | Gauntlet | Reached ** piety under Ashenzari
 13110 | Gauntlet | Found a transporter.
 13110 | Gauntlet | Found a transporter.
 13120 | Gauntlet | Noticed a shining eye
 13121 | Gauntlet | Found a transporter.
 13127 | Gauntlet | Noticed a sixfirhy
 13128 | Gauntlet | Found a transporter.
 13134 | Gauntlet | Noticed a wolf spider
 13135 | Gauntlet | Found a transporter.
 13138 | Gauntlet | Identified the ring of Bywnei {*Contam rElec rF+ Stlth+}
 13138 | Gauntlet | Found a transporter.
 13142 | Gauntlet | Found a transporter.
 13150 | Gauntlet | Noticed an entropy weaver
 13169 | Gauntlet | Found a transporter.
 13176 | Gauntlet | Found a transporter.
 13196 | Gauntlet | Found a transporter.
 13229 | Gauntlet | Found a transporter.
 13245 | Gauntlet | Found a transporter.
 13346 | Gauntlet | Found a transporter.
 13360 | Gauntlet | Found a transporter.
 13366 | Gauntlet | Noticed an unseen horror
 13370 | Gauntlet | an unseen horror changed into a jumping spider
 13404 | Gauntlet | Noticed a death drake
 13404 | Gauntlet | a jumping spider changed into a death drake
 13418 | Gauntlet | Noticed a cyclops
 13418 | Gauntlet | a death drake changed into a cyclops
 13420 | Gauntlet | Noticed a salamander
 13420 | Gauntlet | a cyclops changed into a salamander
 13474 | Gauntlet | Reached XP level 12. HP: 73/75 MP: 15/15
 13486 | Gauntlet | Got the cursed robe "Touck" {+Inv rC- Str+4 Stlth+}
 13534 | Gauntlet | Noticed a swamp dragon
 13544 | Gauntlet | Killed a swamp dragon
 13605 | Gauntlet | Learned a level 3 spell: Mephitic Cloud
 14035 | Gauntlet | Identified the +10 scimitar "Atzuekynn" {freeze, Str+5}
 14035 | Gauntlet | Noticed a minotaur
 14053 | Gauntlet | HP: 2/75 [minotaur/the +10 scimitar "Atzuekynn" {freeze,
                  | Str+5} (3)]
 14058 | Gauntlet | HP: 1/75 [minotaur/the +10 scimitar "Atzuekynn" {freeze,
                  | Str+5} (23)]
 14058 | Gauntlet | Slain by a minotaur

Skill      XL: |  1  2  3  4  5  6  7  8  9 10 11 |
---------------+----------------------------------+-----
Dodging        | 4 5 6 7 9 10 11 | 11.2
Stealth        | 1 2 3 4 5 |  5.5
Short Blades   | 5 6 7 8 10 11 12 | 12.2
Armour         | 1 2 3 4 6 |  6.6
Fighting       | 3 4 5 6 8 |  8.5
Evocations     | 2 4 5 |  5.0
Hexes          | 2 4 |  4.7
Shields        | 1 |  1.9
Throwing       | |  2.1

Action                   |  1- 3 |  4- 6 |  7- 9 | 10-12 || total
-------------------------+-------+-------+-------+-------++-------
Melee: Rapier            |    94 |   178 |   486 |   579 ||  1337
       Flail             |       |       |     4 |       ||     4
       Dagger            |       |       |       |   173 ||   173
       Quick blade       |       |       |       |   288 ||   288
Throw: Throwing net      |     2 |     1 |     5 |     5 ||    13
 Cast: Confusing Touch   |       |       |       |     6 ||     6
Evoke: Wand              |       |     2 |     6 |    16 ||    24
  Use: Potion            |     2 |       |     3 |    21 ||    26
       Scroll            |       |     5 |    14 |    10 ||    29
 Stab: Held in net/web   |     1 |     1 |     6 |     3 ||    11
       Sleeping          |       |     6 |    29 |     4 ||    39
       Invisible         |       |       |     2 |       ||     2
       Distracted        |       |       |       |     1 ||     1
       Confused          |       |       |       |     9 ||     9
       Paralysed         |       |       |       |     1 ||     1
  Eat: Chunk             |    10 |     5 |    14 |    23 ||    52
Armor: Leather armour    |    19 |    29 |    34 |    11 ||    93
       Chain mail        |       |       |       |   107 ||   107
       Skin              |       |       |       |    47 ||    47
       Ring mail         |       |       |       |     3 ||     3
       Troll leather arm |       |       |       |    39 ||    39
Dodge: Dodged            |    91 |   119 |   322 |   537 ||  1069
Block: Buckler           |       |       |       |    69 ||    69
